 Dungeon Crawl Stone Soup version 0.25.0-15-gac7dcb8 (webtiles) character file.

Game seed: 16447660546950501096

82 Icepheonix32 the Gusty (level 4, -5/24 HPs)
             Began as a Tengu Air Elementalist on June 26, 2020.
             Slain by Grinder (6 damage)
             ... on level 3 of the Dungeon on June 28, 2020.
             The game lasted 00:06:30 (2156 turns).

Icepheonix32 the Gusty (Tengu Air Elementalist)     Turns: 2156, Time: 00:06:30

Health: -5/24      AC:  4    Str:  7 (8)  XL:     4   Next: 43%
Magic:  1/9        EV: 12    Int: 14 (17) God:
Gold:   109        SH:  0    Dex: 11 (14) Spells: 0/8 levels left

rFire    + . .     SeeInvis .   g - +0 falchion
rCold    . . .     Gourm    .   (no shield)
rNeg     . . .     Faith    .   f - +0 leather armour
rPois    .         Spirit   .   (helmet restricted)
rElec    .         Reflect  .   (no cloak)
rCorr    .         Harm     .   a - +0 pair of gloves
MR       .....                  (boots unavailable)
Stlth    ++........             (no amulet)
HPRegen  0.08/turn              i - ring of protection from fire
MPRegen  0.11/turn              (no ring)

@: stab
A: beak, talons 3
a: no special abilities


You were on level 3 of the Dungeon.
You were not hungry.

You visited 1 branch of the dungeon, and saw 3 of its levels.

You collected 109 gold pieces.

Inventory:

Hand Weapons
 g - a +0 falchion (weapon)
 h - a +0 short sword
Missiles
 j - 19 poisoned darts (quivered)
Armour
 a - a +0 pair of gloves (worn)
 f - a +0 leather armour (worn)
Jewellery
 i - a ring of protection from fire (left hand)
Scrolls
 b - 2 scrolls of remove curse
 k - a scroll of enchant weapon {unknown}
 m - a scroll of immolation {unknown}
Potions
 d - a potion of ambrosia {unknown}
 l - a potion of stabbing
Comestibles
 c - 3 rations
 n - 5 chunks of flesh


   Skills:
 + Level 0.1 Fighting
 + Level 0.5 Short Blades
 + Level 0.2 Armour
 + Level 2.4 Dodging
 - Level 2.0 Stealth
 * Level 2.6 Spellcasting
 + Level 2.6 Conjurations
 * Level 5.3 Air Magic


You couldn't memorise any spells.
You knew the following spells:

 Your Spells              Type           Power        Failure   Level  Hunger
a - Shock                 Conj/Air       ##..         6%          1    #......
b - Static Discharge      Conj/Air       ##......     19%         3    ###....
c - Airstrike             Air            ###.......   34%         4    #####..

Your spell library contained the following spells:

 Spells                   Type           Power        Failure   Level  Hunger
 Swiftness                Chrm/Air       #.......     16%         2    ###....
 Lightning Bolt           Conj/Air       ##........   87%         5    ######.


Dungeon Overview and Level Annotations

Branches:
Dungeon (3/15)

Altars:
Ashenzari
Zin

Annotations:
D:3 Grinder


Innate Abilities, Weirdness & Mutations

You have a beak for a mouth.
You have claws for feet.


Message History

You hit Grinder.
Grinder is heavily wounded.
Grinder hits you.
Throwing (i - inventory)
j - 20 poisoned darts (quivered)
Press: ? - help, Shift-Dir - straight line, f/p - Grinder
Aim: Grinder (heavily wounded)
You throw a poisoned dart. The poisoned dart hits Grinder.
Grinder is heavily wounded.
Grinder hits you!
* * * LOW HITPOINT WARNING * * *
You writhe in agony.
* * * LOW HITPOINT WARNING * * *
It was a potion of stabbing.
You feel ready to backstab. Grinder hits you but does no damage.
It was a potion of degeneration.
There was something very wrong with that liquid.
You feel weakened.
You feel dopey.
You feel clumsy. Grinder hits you.
You die...

#.#####.# #.#
#.#.....# #.#
..#.#.#.# #.#
###÷#.#.#####.#
#....#....##.#
#.#######....#
#....#....##.#
##.#÷#.#####.#
#.#.#.# #@#
..#...#
#.5......
####.#.#
#########
.....# .....###
#######


You could see Grinder.

Vanquished Creatures
  2 adders (D:2)
  An ooze (D:1)
  A worm (D:2)
  2 dart slugs (D:2)
  A leopard gecko (D:2)
  4 giant cockroaches
  3 goblins
  4 hobgoblins
  3 jackals (D:2)
  10 kobolds
  3 quokkas (D:2)
  6 bats
  2 frilled lizards
  10 rats
52 creatures vanquished.

Notes
Turn   | Place    | Note
-------+----------+-------------------------------------------
     0 | D:1      | Icepheonix32 the Tengu Air Elementalist began the quest for
                  | the Orb.
     0 | D:1      | Reached XP level 1. HP: 10/10 MP: 4/4
   132 | D:1      | Reached XP level 2. HP: 15/15 MP: 0/6
   225 | D:1      | Noticed a bullfrog
   543 | D:1      | Found a shattered altar of Ashenzari.
   750 | D:2      | Reached XP level 3. HP: 19/19 MP: 5/7
   751 | D:2      | Reached skill level 5 in Air Magic
  1180 | D:2      | Found a glowing silver altar of Zin.
  1255 | D:2      | Upgraded the game from 0.25.0-11-g1f837a7 to
                  | 0.25.0-15-gac7dcb8
  1458 | D:2      | Reached XP level 4. HP: 24/24 MP: 1/8
  1707 | D:2      | Learned a level 3 spell: Static Discharge
  1712 | D:2      | Learned a level 4 spell: Airstrike
  2146 | D:3      | Noticed Grinder
  2154 | D:3      | HP: 1/24 [Grinder (1)]
  2156 | D:3      | Slain by Grinder

Illustrated notes

Levels and vault maps discovered:
D:1:      evilmike_arrival_come_back, layout_rooms, evilmike_ruin_ashenzari
D:2:      layout_basic, zin_academy, first_ration
D:3:      wad_lake_hut, layout_loops_ring, lemuel_coloured_pillars_altar,
          minivault_27, kennysheep_generic_room_14, uniq_grinder

Skill      XL: |  1  2  3 |
---------------+----------+-----
Air Magic      | 5 |  5.3
Conjurations   | 2 |  2.6
Fighting       | |  0.1
Short Blades   | |  0.5
Armour         | |  0.2
Dodging        | |  2.4
Stealth        | |  2.0
Spellcasting   | |  2.6

Action                   |  1- 3 |  4- 6 || total
-------------------------+-------+-------++-------
Melee: Unarmed           |     1 |       ||     1
       Short sword       |    32 |     3 ||    35
       Peck              |     2 |       ||     2
       Kick              |     3 |       ||     3
       Falchion          |       |     5 ||     5
Throw: Dart              |       |     3 ||     3
 Cast: Shock             |    67 |    20 ||    87
       Airstrike         |       |     2 ||     2
  Use: Potion            |     3 |     2 ||     5
       Scroll            |     1 |       ||     1
 Stab: Sleeping          |       |     1 ||     1
  Eat: Chunk             |     2 |     3 ||     5
Armor: Skin              |    21 |     1 ||    22
       Leather armour    |     8 |     6 ||    14
Dodge: Dodged            |    27 |     6 ||    33
       Rpst.: Falchion   |       |     1 ||     1
